 Dungeon Crawl Stone Soup version 0.21.1-1-g345015f (webtiles) character file.

385 Flooderbenga the Grave Robber (level 6, -5/44 HPs)
             Began as a Gnoll Necromancer on Apr 25, 2018.
             Killed by divine providence
             ... invoked by an orc priest
              (9 damage)
             ... on level 5 of the Dungeon.
             The game lasted 00:34:40 (1130 turns).

Flooderbenga the Grave Robber (Gnoll Necromancer)   Turns: 1130, Time: 00:34:41

Health: -5/44      AC:  2    Str: 10    XL:     6   Next: 77%
Magic:  3/14       EV: 15    Int: 20    God:
Gold:   87         SH:  0    Dex: 15    Spells: 1/15 levels left

rFire    . . .     SeeInvis +   d - +0 dagger
rCold    . . .     Gourm    .   (no shield)
rNeg     . . .     Faith    .   a - +0 robe
rPois    .         Spirit   .   (no helmet)
rElec    .         Reflect  .   (no cloak)
rCorr    .         Harm     .   (no gloves)
MR       .....                  (no boots)
Stlth    +++.......             (no amulet)
HPRegen  0.14/turn              e - ring of see invisible
MPRegen  0.14/turn              (no ring)

@: no status effects
A: distributed training, fangs 1, strong nose
a: no special abilities


You were on level 5 of the Dungeon.
You were not hungry.

You visited 1 branch of the dungeon, and saw 5 of its levels.

You collected 87 gold pieces.

Inventory:

Hand Weapons
 d - a +0 dagger (weapon)
Missiles
 n - 8 stones (quivered)
 o - 18 sling bullets
Armour
 a - a +0 robe (worn)
Jewellery
 e - a ring of see invisible (left hand)
Wands
 g - a wand of digging (10) {@v4}
Scrolls
 f - a scroll of fog {unknown}
 h - a scroll of blinking {@r4}
Potions
 l - a potion of resistance
Books
 b - a book of Necromancy

   Spells                             Type                      Level
   a - Pain                           Necromancy                   1
   b - Animate Skeleton               Necromancy                   1
   c - Vampiric Draining              Necromancy                   3
   d - Regeneration                   Charms/Necromancy            3
   e - Animate Dead                   Necromancy                   4
   f - Borgnjor's Vile Clutch         Necromancy/Earth             5
Comestibles
 c - 5 rations


   Skills:
 + Level 2.1 Fighting
 + Level 2.1 Short Blades
 + Level 2.1 Long Blades
 + Level 2.1 Axes
 + Level 2.1 Maces & Flails
 + Level 2.1 Polearms
 + Level 2.1 Staves
 + Level 2.1 Slings
 + Level 2.1 Bows
 + Level 2.1 Crossbows
 + Level 2.1 Throwing
 + Level 2.1 Armour
 + Level 5.0 Dodging
 + Level 4.6 Stealth
 + Level 2.1 Shields
 + Level 2.1 Unarmed Combat
 + Level 5.4 Spellcasting
 + Level 1.6 Conjurations
 + Level 1.6 Hexes
 + Level 1.6 Charms
 + Level 1.6 Summonings
 + Level 7.3 Necromancy
 + Level 1.6 Translocations
 + Level 1.6 Transmutations
 + Level 1.6 Fire Magic
 + Level 1.6 Ice Magic
 + Level 1.6 Air Magic
 + Level 1.6 Earth Magic
 + Level 1.6 Poison Magic
 + Level 2.3 Invocations
 + Level 2.1 Evocations


You had one spell level left.
You knew the following spells:

 Your Spells              Type           Power        Failure   Level  Hunger
a - Pain                  Necr           ####         1%          1    None
b - Animate Dead          Necr           N/A          5%          4    ####...
c - Borgnjor's Vile Clut  Necr/Erth      ###.......   43%         5    #####..
r - Regeneration          Chrm/Necr      ###.......   5%          3    ##.....
z - Animate Skeleton      Necr           N/A          1%          1    None


Dungeon Overview and Level Annotations

Branches:
Dungeon (5/15)
 Temple: D:4-7

Altars:
Kikubaaqudgha
Sif Muna
Xom
Zin

Annotations:
D:4 Menkaure, Robin


Innate Abilities, Weirdness & Mutations

Your experience applies equally to all skills.
You have very sharp teeth.
Your uncanny sense of smell can sniff out nearby items.


Message History

Aim: an orc, wielding a hand axe and wearing a leather armour (severely wounded, chance to defeat MR: 93%)
The orc writhes in agony!
You kill the orc!
You take 1 damage, and have 18/44 hp.
You now have 5/14 mp.
Things that are here:
a hand axe; a leather armour An orc priest comes into view.
It is wielding a whip.
An orc priest is nearby!
Aim: an orc priest, wielding a whip and wearing a leather armour (hasn't noticed you, chance to defeat MR: 84%)
The orc priest shouts!
The orc priest writhes in agony!
The orc priest invokes the aid of Beogh against you.
Pain shoots through your body!
* * * LOW HITPOINT WARNING * * *
You take 14 damage, and have 5/44 hp.
MASSIVE DAMAGE!!
You now have 4/14 mp.
Aim: an orc priest, wielding a whip and wearing a leather armour (moderately wounded, chance to defeat MR: 84%)
The orc priest writhes in agony!
The orc priest mumbles some strange prayers to Beogh against you.
Beogh smites you!
You die...

### ### #. #..
..# #.###.###.##
#.#........#
#####.#.#.###..#
#.........@##..#
.##..o.#.Z)...###
#..o..##.......#
##....##.###.#.#
##o#.##.# .#.# #
#.#..... )#.####
# #.####.#
......# # ##'##
#.# ##.##.# #
##...###.# #.##.#
#


You could see an orc priest, an orc and a friendly leopard gecko skeleton.

Vanquished Creatures
  Duvessa (D:4)
  A howler monkey (D:4)
  A hound (D:4)
  An orc priest (D:3)
  A worker ant (D:5)
  4 adders
  2 oozes
  A worm (D:3)
  3 leopard geckos
  6 orcs
  A ball python (D:3)
  2 giant cockroaches
  7 goblins
  7 hobgoblins
  4 jackals (D:4)
  A quokka (D:3)
  4 bats
  3 frilled lizards
  5 kobolds
  A leopard gecko skeleton (D:5)
  3 rats
59 creatures vanquished.

Vanquished Creatures (collateral kills)
  Dowan (D:4)
  An orc (D:4)
  A bat (D:3)
3 creatures vanquished.

Grand Total: 62 creatures vanquished

Notes
Turn   | Place    | Note
-------+----------+-------------------------------------------
     0 | D:1      | Flooderbenga the Gnoll Necromancer began the quest for the Orb.
     0 | D:1      | Reached XP level 1. HP: 13/13 MP: 6/6
    39 | D:1      | Reached XP level 2. HP: 18/19 MP: 4/7
    50 | D:1      | Learned a level 1 spell: Animate Skeleton
   126 | D:2      | Reached skill level 5 in Spellcasting
   126 | D:2      | Reached XP level 3. HP: 11/25 MP: 0/9
   151 | D:1      | Learned a level 3 spell: Regeneration
   157 | D:2      | Reached skill level 1 in Invocations
   245 | D:2      | Found a glowing silver altar of Zin.
   249 | D:2      | Noticed an angel
   260 | D:2      | Found a shimmering altar of Xom.
   344 | D:3      | Reached skill level 1 in Fighting
   344 | D:3      | Reached skill level 1 in Short Blades
   344 | D:3      | Reached skill level 1 in Long Blades
   344 | D:3      | Reached skill level 1 in Axes
   344 | D:3      | Reached skill level 1 in Maces & Flails
   344 | D:3      | Reached skill level 1 in Polearms
   344 | D:3      | Reached skill level 1 in Staves
   344 | D:3      | Reached skill level 1 in Slings
   344 | D:3      | Reached skill level 1 in Bows
   344 | D:3      | Reached skill level 1 in Crossbows
   344 | D:3      | Reached skill level 1 in Throwing
   344 | D:3      | Reached skill level 1 in Armour
   344 | D:3      | Reached skill level 1 in Shields
   344 | D:3      | Reached skill level 1 in Unarmed Combat
   344 | D:3      | Reached skill level 1 in Evocations
   410 | D:3      | Reached XP level 4. HP: 10/32 MP: 2/11
   414 | D:4      | Noticed Robin
   593 | D:3      | Reached skill level 1 in Conjurations
   593 | D:3      | Reached skill level 1 in Hexes
   593 | D:3      | Reached skill level 1 in Charms
   593 | D:3      | Reached skill level 1 in Summonings
   593 | D:3      | Reached skill level 1 in Translocations
   593 | D:3      | Reached skill level 1 in Transmutations
   593 | D:3      | Reached skill level 1 in Fire Magic
   593 | D:3      | Reached skill level 1 in Ice Magic
   593 | D:3      | Reached skill level 1 in Air Magic
   593 | D:3      | Reached skill level 1 in Earth Magic
   593 | D:3      | Reached skill level 1 in Poison Magic
   620 | D:4      | Reached XP level 5. HP: 19/37 MP: 2/12
   668 | D:4      | Noticed Duvessa
   699 | D:4      | Noticed Dowan
   719 | D:3      | Learned a level 5 spell: Borgnjor's Vile Clutch
   724 | D:3      | Learned a level 4 spell: Animate Dead
   827 | D:4      | Killed Dowan
   827 | D:4      | Reached XP level 6. HP: 27/44 MP: 6/13
   830 | D:5      | Entered Level 5 of the Dungeon
   937 | D:4      | Killed Duvessa
   937 | D:4      | Reached skill level 5 in Dodging
  1002 | D:4      | Found a deep blue altar of Sif Muna.
  1002 | D:4      | Found an ancient bone altar of Kikubaaqudgha.
  1009 | D:4      | Noticed Menkaure
  1130 | D:5      | Killed from afar by an orc priest

Skill      XL: |  1  2  3  4  5  6 |
---------------+-------------------+-----
Spellcasting   | 5 |  5.4
Invocations    | 1 2 |  2.3
Fighting       | 1 2 |  2.1
Short Blades   | 1 2 |  2.1
Long Blades    | 1 2 |  2.1
Axes           | 1 2 |  2.1
Maces & Flails | 1 2 |  2.1
Polearms       | 1 2 |  2.1
Staves         | 1 2 |  2.1
Slings         | 1 2 |  2.1
Bows           | 1 2 |  2.1
Crossbows      | 1 2 |  2.1
Throwing       | 1 2 |  2.1
Armour         | 1 2 |  2.1
Shields        | 1 2 |  2.1
Unarmed Combat | 1 2 |  2.1
Evocations     | 1 2 |  2.1
Conjurations   | 1 |  1.6
Hexes          | 1 |  1.6
Charms         | 1 |  1.6
Summonings     | 1 |  1.6
Translocations | 1 |  1.6
Transmutations | 1 |  1.6
Fire Magic     | 1 |  1.6
Ice Magic      | 1 |  1.6
Air Magic      | 1 |  1.6
Earth Magic    | 1 |  1.6
Poison Magic   | 1 |  1.6
Dodging        | 5 |  5.0
Stealth        | |  4.6
Necromancy     | |  7.3

Action                   |  1- 3 |  4- 6 || total
-------------------------+-------+-------++-------
Melee: Dagger            |    18 |     9 ||    27
       Bite              |       |     1 ||     1
 Cast: Pain              |    34 |    61 ||    95
       Animate Skeleton  |     4 |     7 ||    11
       Regeneration      |     1 |     5 ||     6
Evoke: Wand              |       |     1 ||     1
  Use: Scroll            |     2 |     6 ||     8
       Potion            |     4 |     2 ||     6
 Stab: Sleeping          |     5 |     4 ||     9
  Eat: Chunk             |       |     2 ||     2
Armor: Robe              |     2 |     2 ||     4
Dodge: Dodged            |    27 |    24 ||    51
